Map: King Sejong Station LE

Players

Jazz - Winner!

  • Race: Protoss Protoss
  • League: Platinum

blackxored

  • Race: Zerg Zerg
  • League: Platinum

VOD

Have the link to the VOD?

Description

Time

  • Played on: June 29, 2016, 4:45 p.m.
  • Length: 27:12
Show
View Real Time Build Order
Export as new Build Order

Jazz Protoss - Winner!

Build Orders: 1 Gate Expand, Phoenix Opening 

Get SALT Encoding   

  12  0:01  Probe (Chrono Boost)  
  13  0:11  Probe (Chrono Boost)  
  14  0:18  Pylon  
  14  0:22  Probe (Chrono Boost)  
  15  0:36  Probe (Chrono Boost)  
  15  0:37  Gateway  
  16  0:46  Assimilator  
  16  0:47  Probe (Chrono Boost)  
  17  0:57  Probe (Chrono Boost)  
  18  1:08  Probe (Chrono Boost)  
  19  1:24  Nexus  
  19  1:30  Probe (Chrono Boost)  
  20  1:38  Cybernetics Core  
  20  1:41  Probe (Chrono Boost)  
  21  1:54  Pylon  
  21  1:55  Assimilator  
  21  1:57  Probe (Chrono Boost)  
  22  2:08  Probe (Chrono Boost)  
  23  2:14  Adept  
  23  2:15  Warp Gate  
  27  2:23  Mothership Core (Chrono Boost)  
  27  2:38  Probe (Chrono Boost)  
  27  2:41  Adept, Probe (Chrono Boost)  
  31  2:49  Probe (Chrono Boost)  
  32  2:51  Probe (Chrono Boost)  
  32  2:56  Pylon  
  33  3:00  Probe (Chrono Boost)  
  33  3:02  Probe (Chrono Boost)  
  35  3:10  Stargate, Probe (Chrono Boost)  
  35  3:12  Probe (Chrono Boost)  
  37  3:21  Probe (Chrono Boost)  
  37  3:23  Probe (Chrono Boost)  
  39  3:28  Adept  
  39  3:31  Probe (Chrono Boost)  
  39  3:33  Probe (Chrono Boost)  
  43  3:40  Gateway  
  43  3:42  Gateway, Probe (Chrono Boost)  
  43  3:44  Probe (Chrono Boost)  
  45  3:51  Probe (Chrono Boost)  
  45  3:53  Phoenix (Chrono Boost)  
  45  3:54  Probe  
  45  3:55  Adept  
  51  4:01  Probe  
  51  4:02  Pylon  
  51  4:06  Probe  
  53  4:11  Pylon  
  53  4:20  Phoenix (Chrono Boost)  
  55  4:28  Probe  
  56  4:34  Probe  
  56  4:36  Nexus  
  57  4:39  Pylon  
  57  4:42  Phoenix (Chrono Boost)  
  57  4:43  Probe  
  60  4:50  Adept  
  60  4:51  Sentry  
  64  4:53  Adept, Probe  
  64  4:57  Assimilator  
  64  4:58  Probe  
  68  5:00  Assimilator  
  68  5:04  Phoenix (Chrono Boost)  
  70  5:08  Probe  
  70  5:10  Probe  
  70  5:11  Assimilator  
  70  5:13  Robotics Facility  
  72  5:15  Assimilator  
  72  5:19  Twilight Council, Probe  
  73  5:23  Probe  
  74  5:30  Probe  
  74  5:34  Adept  
  74  5:35  Probe  
  78  5:39  Pylon  
  78  5:40  Pylon  
  78  5:42  Pylon  
  78  5:46  Probe  
  78  5:48  Probe  
  78  5:49  Probe  
  80  5:52  Adept x2  
  85  5:58  Probe  
  85  5:59  Gateway  
  85  6:00  Gateway  
  85  6:02  Gateway  
  86  6:05  Probe  
  86  6:06  Observer (Chrono Boost)  
  86  6:08  Probe  
  86  6:09  Resonating Glaives (Chrono Boost), Probe  
  90  6:17  Adept x2, Probe  
  95  6:19  Sentry, Probe x2  
  99  6:29  Immortal (Chrono Boost), Probe  
  99  6:30  Probe x2  
  106  6:41  Adept x2  
  106  6:42  Probe  
  106  6:45  Probe x2  
  111  6:47  Pylon  
  111  6:49  Pylon  
  111  6:50  Pylon  
  113  6:54  Probe  
  113  6:56  Probe  
  113  6:58  Probe  
  116  7:04  Pylon  
  116  7:05  Immortal  
  116  7:06  Probe  
  121  7:11  Adept  
  121  7:12  Adept x4  
  131  7:25  Forge  
  131  7:30  Adept, Forge  
  133  7:37  Adept x3, Pylon  
  133  7:38  Adept x2  
  133  7:39  Pylon  
  133  7:41  Pylon  
  143  7:45  Protoss Ground Armor Level 1 (Chrono Boost)  
  143  7:47  Immortal  
  143  7:50  Protoss Ground Weapons Level 1 (Chrono Boost)  
  147  7:58  Gateway  
  147  7:59  Gateway  
  147  8:01  Gateway  
  147  8:04  Templar Archives, Blink (Chrono Boost)  
  147  8:10  Adept x3  
  153  8:17  Adept x3  
  159  8:21  Pylon  
  159  8:30  Psionic Storm  
  159  8:33  Adept x3  
  165  8:36  Immortal  
  169  8:47  Dark Shrine  
  169  9:03  Stalker x2  
  169  9:08  Nexus  
  173  9:11  Pylon  
  173  9:14  Adept x4, Pylon  
  173  9:16  Pylon  
  181  9:29  Immortal, Assimilator  
  185  9:32  Assimilator  
  185  9:35  Pylon  
  185  9:41  Stargate  
  185  9:42  Stargate  
  185  9:43  Protoss Ground Armor Level 2  
  185  9:44  Fleet Beacon, Protoss Ground Weapons Level 2  
  185  9:53  Photon Cannon  
  185  9:55  Photon Cannon  
  185  9:57  Photon Cannon  
  185  10:00  Photon Cannon  
  185  10:04  Robotics Facility  
  185  10:05  Stalker  
  187  10:11  Photon Cannon  
  187  10:18  Dark Templar x2  
  187  10:19  Dark Templar  
  193  10:25  Stalker x2  
  197  10:47  Observer  
  192  10:58  Observer  
  192  11:04  Stalker x3  
  195  11:11  Robotics Bay  
  197  11:43  Protoss Ground Armor Level 3  
  197  11:44  Protoss Ground Weapons Level 3  
  197  12:01  Observer Gravitic Boosters (Chrono Boost), Assimilator  
  197  12:03  Nexus  
  197  12:05  Gateway  
  197  12:06  Gateway, Pylon  
  197  12:08  Gateway x2, Pylon  
  197  12:09  Gateway  
  197  12:11  Pylon  
  197  12:13  Pylon  
  197  12:15  Assimilator  
  183  12:22  Zealot  
  183  12:23  Zealot x6  
  183  12:24  Zealot  
  183  12:29  Charge  
  199  12:40  Photon Cannon  
  199  12:43  Photon Cannon  
  199  12:44  Photon Cannon  
  199  12:45  Photon Cannon  
  199  12:47  Photon Cannon x2  
  199  12:49  Photon Cannon  
  199  12:52  Extended Thermal Lance (Chrono Boost)  
  199  12:53  Photon Cannon  
  199  13:02  Gateway  
  199  13:04  Photon Cannon  
  197  13:06  Photon Cannon  
  197  13:08  Photon Cannon  
  189  13:14  Dark Templar  
  189  13:15  Dark Templar x5  
  195  13:23  Protoss Air Weapons Level 1 (Chrono Boost)  
  193  14:09  Tempest x2 (Chrono Boost)  
  169  14:12  Tempest (Chrono Boost)  
  173  14:22  Dark Templar  
  173  14:23  Dark Templar x5  
  185  14:25  Dark Templar x3  
  185  14:26  Dark Templar x3  
  197  14:38  Archon x2  
  197  14:39  Archon x4  
  197  15:00  Tempest x2  
  197  15:05  Tempest  
  199  15:37  Protoss Shields Level 1  
  199  15:40  Nexus  
  199  15:41  Protoss Air Weapons Level 2 (Chrono Boost)  
  199  15:42  Pylon  
  199  15:43  Pylon  
  199  15:45  Pylon  
  199  15:47  Pylon  
  199  15:49  Pylon  
  199  15:53  Assimilator  
  199  15:56  Assimilator  
  187  16:34  Tempest x2  
  142  17:19  Zealot x4  
  142  17:20  Zealot x7  
  142  17:21  Zealot  
  151  17:43  Nexus  
  151  17:46  Pylon  
  151  17:48  Pylon  
  151  17:51  Pylon  
  151  17:57  Dark Templar x4  
  151  17:58  Dark Templar x4  
  165  17:59  Dark Templar x3  
  173  18:05  Assimilator  
  173  18:08  Pylon  
  173  18:09  Observer  
  173  18:10  Observer, Pylon  
  173  18:11  Protoss Shields Level 2  
  175  18:12  Pylon  
  175  18:14  Pylon  
  175  18:15  Protoss Air Weapons Level 3 (Chrono Boost)  
  175  18:18  Archon x2  
  175  18:19  Archon x3  
  175  18:21  Oracle  
  175  18:25  Oracle  
  181  18:29  Probe  
  181  18:30  Probe  
  181  18:31  Probe x3  
  186  18:40  Probe x2  
  186  18:43  Probe x2  
  186  18:44  Probe  
  191  18:50  Probe  
  191  18:51  Probe  
  191  18:55  Probe  
  190  18:56  Probe x2  
  190  19:01  Probe  
  190  19:02  Probe  
  155  19:03  Zealot x2  
  155  19:04  Zealot x5  
  155  19:07  Probe  
  155  19:08  Probe x2  
  143  19:11  Probe  
  110  19:54  Zealot x5  
  110  19:55  Zealot x6  
  108  20:31  Dark Templar x4  
  108  20:32  Dark Templar x7  
  80  20:57  Archon  
  80  21:13  Dark Templar x3  
  80  21:14  Dark Templar x4  
  80  21:16  Zealot x4  
  102  21:38  Observer  
  103  21:42  Archon x4  
  103  21:45  Zealot x5  
  108  21:56  Zealot x3  
  108  21:57  Zealot x3  
  118  22:07  Nexus  
  118  22:11  Zealot x5  
  128  22:18  Stalker x3  
  134  22:25  Zealot x3  
  129  22:48  Observer  
  129  22:49  Observer  
  129  22:50  Zealot x3  
  129  22:51  Zealot x2  
  141  23:29  Nexus  
  141  23:35  Dark Templar x2  
  145  23:45  Zealot x2  
  139  24:22  Pylon  
  139  24:24  Pylon  
  138  24:43  Dark Templar x2  
  142  25:39  High Templar x2  
  142  25:40  Stalker  
  142  25:41  Stalker  
  150  25:48  Archon  
  150  26:04  Dark Templar  
  146  27:07  Stalker x2  
Show
View Real Time Build Order
Export as new Build Order

blackxored Zerg 

Build Orders: Hatch First, Lurkers 

Get SALT Encoding   

  12  0:01  Drone  
  13  0:08  Drone  
  14  0:17  Overlord  
  14  0:22  Extractor  
  14  0:23  Drone  
  15  0:37  Drone x2  
  17  0:53  Hatchery  
  17  0:55  Drone  
  17  0:58  Drone  
  18  1:15  Extractor, Spawning Pool  
  18  1:18  Drone  
  17  1:20  Drone  
  18  1:27  Drone  
  19  1:41  Overlord  
  19  1:58  Drone  
  20  2:02  Queen  
  20  2:03  Zergling x2  
  20  2:05  Queen  
  20  2:06  Zergling x2  
  26  2:11  Zergling x2  
  27  2:16  Metabolic Boost  
  27  2:25  Drone x2  
  29  2:42  Drone x3  
  32  2:49  Hatchery  
  31  2:53  Overlord  
  31  2:57  Pneumatized Carapace  
  31  3:03  Drone x2  
  31  3:04  Drone  
  33  3:15  Drone x2  
  33  3:16  Overlord  
  33  3:19  Drone x2  
  37  3:22  Drone  
  37  3:24  Drone  
  37  3:26  Drone  
  40  3:45  Drone  
  41  3:48  Queen  
  41  3:49  Queen  
  45  3:57  Spore Crawler  
  45  3:59  Spore Crawler  
  45  4:00  Drone x2  
  45  4:05  Queen  
  47  4:11  Drone x7  
  47  4:12  Drone x2  
  56  4:43  Roach Warren, Lair  
  55  4:46  Overlord  
  55  4:47  Overlord x4  
  55  4:52  Spore Crawler  
  54  5:01  Extractor  
  53  5:07  Evolution Chamber  
  53  5:08  Drone  
  53  5:09  Drone x3, Evolution Chamber  
  53  5:11  Drone x4  
  59  5:24  Queen  
  59  5:27  Queen  
  62  5:33  Extractor, Drone  
  62  5:34  Extractor  
  61  5:36  Overlord  
  61  5:40  Drone x5  
  61  5:41  Drone x2  
  68  5:45  Drone x4  
  71  5:53  Zergling x4  
  71  5:55  Overlord x4  
  73  6:00  Overlord x3  
  73  6:05  Drone  
  73  6:06  Hydralisk Den  
  73  6:08  Drone  
  73  6:10  Drone  
  73  6:11  Drone x2  
  77  6:13  Hatchery  
  76  6:21  Overseer  
  76  6:25  Glial Reconstitution  
  76  6:27  Roach x5  
  76  6:28  Roach x2  
  90  6:36  Drone x3  
  93  6:40  Extractor  
  93  6:41  Extractor  
  91  6:55  Drone x7  
  91  7:00  Overseer, Muscular Augments  
  91  7:01  Hydralisk x5  
  98  7:06  Ravager x4  
  112  7:18  Hydralisk  
  112  7:19  Hydralisk x2  
  112  7:21  Overlord x3  
  118  7:23  Zergling x12  
  118  7:29  Drone  
  124  7:30  Spore Crawler  
  124  7:33  Spore Crawler  
  122  7:37  Hydralisk x5  
  132  7:50  Drone x8  
  132  7:51  Drone x2  
  142  8:01  Hydralisk x4  
  150  8:11  Hydralisk x4  
  158  8:18  Roach x4  
  158  8:39  Infestation Pit  
  161  8:41  Roach x4  
  161  8:42  Spire, Roach  
  161  8:46  Drone  
  161  8:47  Baneling Nest  
  161  8:48  Overlord x4  
  166  9:03  Hatchery  
  166  9:04  Lurker Den  
  165  9:10  Drone x8  
  165  9:11  Drone  
  165  9:13  Extractor, Hydralisk x6  
  165  9:15  Extractor  
  165  9:16  Hive  
  184  9:22  Queen  
  184  9:23  Drone x6  
  184  9:24  Drone  
  193  9:49  Zerg Missile Weapons Level 1, Zerg Ground Armor Level 1  
  193  9:57  Queen  
  195  10:06  Extractor  
  194  10:08  Spore Crawler x2  
  194  10:09  Extractor  
  191  10:35  Greater Spire  
  191  10:53  Lurker x3  
  191  10:54  Lurker x6  
  200  11:06  Drone, Spore Crawler  
  200  11:10  Spine Crawler  
  200  11:11  Drone  
  200  11:12  Spine Crawler  
  184  11:35  Corruptor x8  
  200  12:04  Overseer x3  
  200  12:23  Zerg Flyer Armor Level 1  
  200  12:30  Hatchery  
  199  12:39  Extractor  
  199  12:42  Extractor  
  197  12:52  Drone  
  197  12:53  Drone x2  
  197  12:54  Spine Crawler  
  197  12:55  Spine Crawler  
  194  13:04  Drone x3  
  185  13:23  Brood Lord x6  
  185  13:24  Brood Lord  
  199  13:46  Hatchery  
  198  13:57  Overseer  
  198  14:20  Corruptor  
  198  14:21  Spine Crawler  
  198  14:22  Spine Crawler  
  198  14:23  Spine Crawler  
  197  14:30  Zerg Ground Armor Level 2, Zerg Missile Weapons Level 2  
  197  14:31  Zerg Flyer Armor Level 2  
  197  14:35  Spine Crawler, Hatchery  
  197  14:38  Spore Crawler  
  194  14:39  Spine Crawler  
  194  14:41  Lurker  
  194  14:42  Lurker x6  
  197  15:56  Hydralisk  
  199  16:24  Hydralisk  
  199  16:25  Hydralisk  
  199  16:32  Overseer  
  188  16:48  Hydralisk x6  
  172  17:08  Hydralisk x2  
  172  17:09  Hydralisk x7  
  172  17:10  Hydralisk x4  
  182  17:18  Corruptor x4  
  182  17:19  Corruptor x7  
  182  17:20  Corruptor  
  155  17:49  Lurker x2  
  155  17:50  Lurker x11  
  155  17:51  Lurker x2  
  167  17:54  Brood Lord x6  
  167  17:57  Overlord x3  
  179  18:19  Zerg Flyer Armor Level 3  
  179  18:20  Zerg Ground Armor Level 3, Zerg Missile Weapons Level 3  
  179  18:24  Brood Lord  
  179  18:25  Brood Lord x4  
  189  18:39  Hydralisk x5  
  188  19:06  Hydralisk  
  188  19:07  Hydralisk x14  
  188  19:08  Hydralisk  
  186  19:20  Hydralisk x3  
  186  19:21  Hydralisk x5  
  137  20:31  Corruptor x4  
  137  20:32  Corruptor x2  
  143  20:47  Hydralisk x5  
  143  20:48  Hydralisk x9  
  143  20:49  Hydralisk x2  
  155  20:53  Corruptor x6  
  155  20:54  Corruptor  
  155  20:57  Zerg Flyer Weapons Level 1  
  163  21:02  Hydralisk x4  
  163  21:03  Hydralisk x7  
  179  21:07  Extractor  
  174  21:19  Brood Lord  
  176  21:26  Hydralisk x4  
  176  21:27  Hydralisk  
  186  21:40  Overseer  
  154  22:17  Extractor  
  154  22:18  Hatchery  
  154  22:19  Mutalisk  
  110  22:45  Spore Crawler  
  110  22:50  Spore Crawler  
  113  22:57  Mutalisk x2  
  113  22:58  Mutalisk x9  
  98  23:01  Zergling x40  
  118  23:14  Hydralisk  
  118  23:15  Hydralisk x4  
  105  23:27  Mutalisk  
  105  23:31  Mutalisk  
  104  23:50  Mutalisk  
  104  23:51  Mutalisk  
  108  24:00  Mutalisk  
  108  24:02  Zergling x2  
  72  24:03  Zergling x32  
  84  24:24  Baneling  
  78  24:48  Spine Crawler  
  78  24:49  Spine Crawler  
  78  24:50  Spine Crawler  
  78  24:51  Spine Crawler  
  60  24:54  Spine Crawler  
  60  24:56  Zergling x2  
  60  24:57  Zergling x34  
  64  25:35  Drone x12, Spine Crawler  
  71  25:41  Spine Crawler  
  67  25:46  Extractor  
  67  25:47  Hatchery  
  65  25:50  Extractor  
  65  25:55  Spine Crawler  
  63  25:57  Spine Crawler  
  63  25:59  Spine Crawler x2  
  63  26:00  Spine Crawler  
  63  26:02  Spine Crawler  
  51  26:05  Spine Crawler  
  51  26:07  Spine Crawler  
  51  26:08  Spine Crawler x2  
  51  26:09  Spine Crawler  
  26  26:12  Spine Crawler x2  
  18  26:21  Spine Crawler  
  10  26:31  Drone x9  
  5  26:55  Spawning Pool  
Tags
 
Add a new tag
Caveats
  • Supply blocks, unpowered buildings, or Contaminate may cause inaccurate times.
  • Supply counts are checked every 10 seconds.